 Dungeon Crawl Stone Soup version 0.18.1-6-gd335043 (webtiles) character file.

29395 Moloch the Severer (level 13, 0/90 HPs)
             Began as a Demonspawn Fighter on May 16, 2016.
             Was the Champion of Okawaru.
             Killed from afar by a frost giant (23 damage)
             ... with a bolt of cold
             ... in an ice cave.
             The game lasted 00:37:39 (12742 turns).

Moloch the Severer (Demonspawn Fighter)            Turns: 12742, Time: 00:37:40

Health: 0/90       AC: 23    Str: 25    XL:     13   Next: 14%
Magic:  9/11       EV: 10    Int: 12    God:    Okawaru [******]
Gold:   869        SH:  0    Dex: 13    Spells: 0 memorised, 12 levels left

rFire  + . .     SeeInvis .     S - +10 battleaxe of Miufed {freeze, rElec rPois Str+4 Stlth-}
rCold  . . .     Gourm    .     U - +4 plate armour
rNeg   . . .     Faith    .     (shield currently unavailable)
rPois  +         Spirit   .     (no helmet)
rElec  +         Dismiss  .     i - +0 cloak
rCorr  .         Reflect  .     v - +1 pair of gloves "Bevek" {rF+ Regen+ Int+2}
SustAt .         Harm     .     (boots unavailable)
MR     ++...                    (no amulet)
Stlth  ..........               C - ring of protection from magic
                                z - ring of protection from magic

@: heroism, very resistant to hostile enchantments, extremely unstealthy
A: hooves 3, molten scales 1, blink, demonic guardian 1, low mp 1, powered by
death 2, no device heal 1, sturdy frame 1
a: Blink, Heroism, Finesse, Renounce Religion


You were in an ice cave.
You worshipped Okawaru.
Okawaru was exalted by your worship.
You were not hungry.

You visited 3 branches of the dungeon, and saw 15 of its levels.
You also visited: Ice Cave.

You collected 1106 gold pieces.
You spent 237 gold pieces at shops.

Inventory:

Hand Weapons
 S - the +10 battleaxe of Miufed (weapon) {freeze, rElec rPois Str+4 Stlth-}
   (Okawaru gifted it to you on level 12 of the Dungeon)

   It has been specially enchanted to freeze those struck by it, causing extra
   injury to most foes and up to half again as much damage against particularly
   susceptible opponents.
   It can also slow down cold-blooded creatures.
   It affects your strength (+4).
   It insulates you from electricity.
   It protects you from poison.
   It makes you less stealthy.
Missiles
 c - 6 tomahawks
 m - 81 poisoned needles
 F - 6 curare-tipped needles
 G - 2 throwing nets (quivered)
 L - 4 tomahawks of returning
 P - 6 needles of sleeping
Armour
 b - the +0 scale mail "Paosim" {rPois Dex+4 Slay+5 Stlth-}
   (Okawaru gifted it to you on level 2 of the Orcish Mines)

   It affects your dexterity (+4).
   It affects your accuracy and damage with ranged weapons and melee attacks
   (+5).
   It protects you from poison.
   It makes you less stealthy.
 i - a +0 cloak (worn)
 v - the +1 pair of gloves "Bevek" (worn) {rF+ Regen+ Int+2}
   (You bought it in a shop on level 9 of the Dungeon)

   It affects your intelligence (+2).
   It protects you from fire.
   It increases your rate of regeneration.
 U - a +4 plate armour (worn)
Jewellery
 z - a ring of protection from magic (left hand)
 C - a ring of protection from magic (right hand)
 J - an uncursed ring of flight
Wands
 n - a wand of iceblast (8/15)
 u - a wand of polymorph (16/24)
 O - a wand of teleportation (5/9)
 V - a wand of iceblast (8/15)
Scrolls
 e - 8 scrolls of identify
 l - 3 scrolls of remove curse
 q - a scroll of enchant armour
 w - 2 scrolls of blinking
 A - a scroll of torment
 K - a scroll of amnesia
Potions
 d - 3 potions of might
 g - a potion of mutation
 j - a potion of ambrosia
 o - 3 potions of curing
 p - a potion of flight
 r - 4 potions of brilliance
 s - 3 potions of heal wounds
 x - 3 potions of cure mutation
 D - a potion of lignification
 I - a potion of magic
 N - 2 potions of haste
Books
 T - a book of the Warp

   Spells                             Type                      Level
   a - Recall                         Summoning/Translocation      3
   b - Gell's Gravitas                Hexes/Translocation          3
   c - Force Lance                    Conjuration/Translocation    4
   d - Warp Weapon                    Charms/Translocation         5
   e - Summon Forest                  Summoning/Translocation      5
Comestibles
 a - 4 chunks of flesh
 f - 8 bread rations
 h - 10 meat rations
 k - a royal jelly
 t - 2 slices of pizza
 H - 9 beef jerkies
 Q - 2 fruits


   Skills:
 - Level 4.6(9.6) Fighting
 + Level 18.5(23.5) Axes
 - Level 4.8(9.8) Armour
   Level 2.6(7.6) Shields


You had 12 spell levels left.
You didn't know any spells.

Dungeon Overview and Level Annotations

Branches:
Dungeon (12/15)            Temple (1/1) D:5            Lair (0/8) D:9
    Orc (2/2) D:12            Elf (0/3) Orc:2

Altars:
Ashenzari
Cheibriados
Dithmenos
Elyvilon
Fedhas
Gozag
Kikubaaqudgha
Makhleb
Nemelex Xobeh
Okawaru
Pakellas
Qazlal
Ru
Sif Muna
Trog
Vehumet
Xom
Yredelemnul
Zin
The Shining One

Shops:
D:4 :   D:9 [


Innate Abilities, Weirdness & Mutations

You have hooves in place of feet.
You are partially covered in molten scales (AC +1).
A weak demonic guardian rushes to your aid.
You regenerate health from kills.
You can translocate small distances at will.
Your magical capacity is low (-10% MP).
Potions and wands are less effective at restoring your health.
Your movements are slightly less encumbered by armour (ER -2).


Message History

Okawaru accepts your kill.
You slice the frost giant!! You freeze the frost giant.
You kick the frost giant, but do no damage.
The frost giant is moderately wounded.
The frost giant hits you with a battleaxe of freezing!!
The frost giant freezes you!
You hit the frost giant.
The frost giant is moderately wounded.
You hit the frost giant. You kick the frost giant.
The frost giant is heavily wounded.
The frost giant gestures at you while chanting.
The bolt of cold hits you!
Ouch! That really hurt!
* * * LOW HITPOINT WARNING * * *
Your white imp grins impishly at you.
Drink which item? (? for menu, Esc to quit)
You feel much better. The frost giant casts a spell at you.
The bolt of cold hits you!
You die...

#### ########## ##.#.
#hhC##...########.#.⌠
#h..##@5.##...#§.#.###.
#.hhC#
########..#..#####
...Yh# #§.#####†≈≈#
...h# ##§§##..≈#≈≈ ##..
###§..##≈≈≈ ##
#####≈≈≈# #≈≈#≈≈≈
≈≈≈≈≈≈≈≈ ≈≈≈≈≈≈≈≈#


You could see a frost giant, 2 polar bears and a friendly white imp.

Vanquished Creatures
  An ettin (Orc:2)
  An ogre mage (D:11)
  Josephine (Orc:1)
  2 death yaks (IceCv)
  2 unseen horrors
  2 hill giants (D:11)
  2 orc knights (Orc:2)
  An orc sorcerer (Orc:1)
  3 ugly things
  2 cyclopes (D:11)
  A centaur skeleton (D:11)
  3 trolls
  4 two-headed ogres
  10 polar bears (IceCv)
  An air elemental (D:9)
  3 wyverns
  6 wraiths
  A vampire (D:11)
  A hungry ghost (D:9)
  4 hippogriffs
  30 yaks
  A steam dragon (D:10)
  A basilisk (D:11)
  2 mottled dragons
  Edmund (D:6)
  2 hell hounds (D:9)
  5 ice beasts
  18 orc warriors
  4 sky beasts
  A black bear (D:12)
  2 eyes of draining
  3 phantoms
  2 wasps
  16 ogres
  7 wolves (IceCv)
  4 centaurs
  A crocodile (D:9)
  4 big kobolds
  2 giant frogs
  7 scorpions
  A water moccasin skeleton (D:5)
  11 killer bees
  3 wights (D:9)
  2 centaur zombies
  3 giant frog zombies
  A wasp zombie (D:10)
  A crimson imp (D:8)
  A quasit (D:12)
  The ghost of Charly the Ruffian, a weakling VSTm (D:3)
  5 jellies
  7 orc priests
  7 hounds
  5 giant frog skeletons
  An iron imp (D:5)
  11 orc wizards
  14 worker ants
  2 iguanas
  A hound zombie (D:11)
  A hound skeleton (D:8)
  2 howler monkey zombies
  3 gnolls (D:10)
  10 adders
  2 howler monkey skeletons
  2 shadow imps (D:7)
  An ooze (D:4)
  An adder zombie (D:8)
  An adder skeleton (D:4)
  3 worms
  3 dart slugs
  A giant gecko (D:5)
  53 orcs
  4 ball pythons
  11 bats
  2 giant cockroaches
  5 goblins
  9 hobgoblins
  A jackal (D:11)
  2 quokkas
  5 giant newts
  A goblin skeleton (D:5)
  A goblin zombie (D:5)
  4 hobgoblin zombies (D:5)
  20 kobolds
  2 orc skeletons (D:5)
  An orc zombie (D:5)
  2 quokka skeletons
  10 rats
404 creatures vanquished.

Vanquished Creatures (collateral kills)
  An ice statue (IceCv)
  A kobold demonologist (D:12)
  5 yaks
  A sky beast (D:9)
  2 ogres
  A necrophage (D:8)
  2 giant frogs
  A scorpion (D:5)
  3 killer bees
  2 orc priests (Orc:2)
  An iguana (D:8)
  An orc wizard (D:11)
  A worker ant (D:5)
  An adder (D:5)
  5 orcs
  2 jackals (D:11)
  A kobold (D:12)
31 creatures vanquished.

Vanquished Creatures (others)
  2 wolves (IceCv)
2 creatures vanquished.

Grand Total: 437 creatures vanquished

Notes
Turn   | Place    | Note
--------------------------------------------------------------
     0 | D:1      | Moloch the Demonspawn Fighter began the quest for the Orb.
     0 | D:1      | Reached XP level 1. HP: 18/18 MP: 1/1
   129 | D:1      | Reached skill level 2 in Axes
   213 | D:1      | Gained mutation: You regenerate a little health from kills. [demonic ancestry]
   213 | D:1      | Reached XP level 2. HP: 21/24 MP: 2/2
   484 | D:1      | Reached skill level 3 in Axes
   903 | D:2      | Reached XP level 3. HP: 29/29 MP: 3/3
   910 | D:2      | Found a snail-covered altar of Cheibriados.
  1012 | D:2      | Found a glowing golden altar of the Shining One.
  1389 | D:3      | Noticed Charly's ghost (weakling VSTm)
  1408 | D:3      | Killed Charly's ghost
  1408 | D:3      | Reached skill level 4 in Axes
  1408 | D:3      | Gained mutation: You have large cloven feet. [demonic ancestry]
  1408 | D:3      | Reached XP level 4. HP: 20/35 MP: 4/4
  2070 | D:4      | Found Resmon's Book Shoppe.
  2108 | D:4      | Gained mutation: A weak demonic guardian rushes to your aid. [demonic ancestry]
  2108 | D:4      | Reached XP level 5. HP: 37/41 MP: 5/5
  2160 | D:4      | Reached skill level 5 in Axes
  3350 | D:4      | Found an oddly glowing altar of Pakellas.
  3393 | D:4      | Gained mutation: You have hoof-like feet. [demonic ancestry]
  3393 | D:4      | Reached XP level 6. HP: 47/47 MP: 6/6
  3421 | D:5      | Entered Level 5 of the Dungeon
  3436 | D:5      | Found a glowing golden altar of the Shining One.
  3451 | D:5      | Reached skill level 6 in Axes
  3479 | D:5      | Noticed a sky beast
  3494 | D:5      | Found a basalt altar of Yredelemnul.
  3522 | D:5      | Killed a sky beast
  3522 | D:5      | Reached skill level 7 in Axes
  3522 | D:5      | Reached XP level 7. HP: 45/52 MP: 7/7
  3664 | D:5      | Found a staircase to the Ecumenical Temple.
  3786 | D:5      | Reached skill level 8 in Axes
  3907 | D:5      | Found a burning altar of Makhleb.
  4061 | Temple   | Entered the Ecumenical Temple
  4078 | Temple   | Became a worshipper of Warmaster Okawaru
  4120 | D:6      | Found a shimmering altar of Xom.
  4193 | D:6      | Found a shimmering altar of Xom.
  4193 | D:6      | Found a shimmering altar of Xom.
  4194 | D:6      | Found a shimmering altar of Xom.
  4194 | D:6      | Found a shimmering altar of Xom.
  4206 | D:6      | Noticed Edmund
  4220 | D:6      | Killed Edmund
  4264 | D:6      | Reached * piety under Okawaru
  4264 | D:6      | Reached XP level 8. HP: 53/58 MP: 8/8
  4352 | D:6      | Found a shattered altar of Ashenzari.
  4515 | D:6      | Reached skill level 9 in Axes
  5206 | D:7      | Reached ** piety under Okawaru
  5245 | D:7      | Reached skill level 10 in Axes
  6030 | D:8      | Gained mutation: You have hooves in place of feet. [mutagenic meat]
  6031 | D:8      | Gained mutation: Your movements are slightly less encumbered by armour (ER -2). [mutagenic meat]
  6032 | D:8      | Gained mutation: You are dopey. (Int -2) [mutagenic meat]
  6033 | D:8      | Gained mutation: Potions and wands are less effective at restoring your health. [mutagenic meat]
  6034 | D:8      | Gained mutation: You can translocate small distances at will. [mutagenic meat]
  6111 | D:8      | Lost mutation: You are dopey. (Int -2) [potion of mutation]
  6111 | D:8      | Gained mutation: Scrolls take you a little longer to read. [potion of mutation]
  6194 | D:8      | Gained mutation: You are partially covered in molten scales (AC +1). [demonic ancestry]
  6194 | D:8      | Reached XP level 9. HP: 54/62 MP: 9/9
  6261 | D:8      | Reached skill level 11 in Axes
  6403 | D:8      | Found a sacrificial altar of Ru.
  6478 | D:8      | Found a blossoming altar of Fedhas.
  6520 | D:8      | Reached *** piety under Okawaru
  6642 | D:9      | Reached skill level 12 in Axes
  6898 | D:9      | Reached **** piety under Okawaru
  7024 | D:8      | HP: 2/63 [killer bee (7)]
  7333 | D:8      | Lost mutation: Scrolls take you a little longer to read. [mutagenic meat]
  7334 | D:8      | Gained mutation: Your body sometimes deteriorates upon taking damage. [mutagenic meat]
  7335 | D:8      | Gained mutation: Your mind is acute. (Int +2) [mutagenic meat]
  7373 | D:9      | Gained mutation: You regenerate health from kills. [demonic ancestry]
  7373 | D:9      | Reached XP level 10. HP: 58/70 MP: 10/10
  7410 | D:9      | Reached skill level 13 in Axes
  7515 | D:9      | Found a staircase to the Lair.
  7569 | D:9      | Reached ***** piety under Okawaru
  7734 | D:9      | Found Oschihuel's Antique Armour Shoppe.
  7779 | D:9      | Bought a pair of encrusted gloves for 237 gold pieces
  7784 | D:9      | Identified the +1 pair of gloves "Bevek" {rF+ Regen+ Int+2} (You bought it in a shop on level 9 of the Dungeon)
  7941 | D:9      | Reached skill level 14 in Axes
  8159 | D:10     | Entered Level 10 of the Dungeon
  8574 | D:10     | Found a large runed door.
  8576 | D:10     | Found a large runed door.
  8580 | D:10     | Noticed a four-headed hydra
  8745 | D:11     | Received a gift from Okawaru
  8814 | D:11     | Reached XP level 11. HP: 63/75 MP: 11/11
  8901 | D:11     | Reached skill level 15 in Axes
  8998 | D:11     | Noticed a hill giant
  9126 | D:11     | Killed a hill giant
  9181 | D:11     | Reached ****** piety under Okawaru
  9269 | D:11     | Noticed an ogre mage
  9281 | D:11     | Killed an ogre mage
  9291 | D:11     | Received a gift from Okawaru
  9340 | D:11     | Noticed a green ugly thing
  9356 | D:11     | Killed a red ugly thing
  9357 | D:11     | Noticed a brown ugly thing
  9399 | D:11     | Killed a brown ugly thing
  9401 | D:11     | Reached skill level 16 in Axes
  9418 | D:11     | Noticed a hill giant
  9451 | D:11     | Killed a hill giant
  9900 | D:11     | Killed an unseen horror
 10485 | D:12     | Reached XP level 12. HP: 60/83 MP: 12/12
 10556 | D:12     | Lost mutation: Your body sometimes deteriorates upon taking damage. [mutagenic meat]
 10558 | D:12     | Lost mutation: Your mind is acute. (Int +2) [mutagenic meat]
 10559 | D:12     | Gained mutation: Your magical capacity is low (-10% MP). [mutagenic meat]
 10658 | D:12     | Found a staircase to the Orcish Mines.
 10960 | D:12     | Received a gift from Okawaru
 10963 | D:12     | Got a translucent battleaxe {god gift}
 11093 | D:11     | Identified the +10 battleaxe of Miufed {freeze, rElec rPois Str+4 Stlth-} (Okawaru gifted it to you on level 12 of the Dungeon)
 11452 | Orc:1    | Entered Level 1 of the Orcish Mines
 11475 | Orc:1    | Paralysed by an orc sorcerer for 4 turns
 11557 | Orc:1    | Found a radiant altar of Vehumet.
 11560 | Orc:1    | Reached skill level 17 in Axes
 11904 | Orc:2    | Entered Level 2 of the Orcish Mines
 11904 | Orc:2    | Noticed Josephine
 11916 | Orc:1    | Killed Josephine
 12001 | Orc:2    | Received a gift from Okawaru
 12025 | Orc:2    | Got a smoking scale mail {god gift}
 12036 | Orc:2    | Identified the +0 scale mail "Paosim" {rPois Dex+4 Slay+5 Stlth-} (Okawaru gifted it to you on level 2 of the Orcish Mines)
 12038 | Orc:2    | Noticed an ettin
 12044 | Orc:2    | Killed an ettin
 12129 | Orc:2    | Found a frozen archway.
 12138 | IceCv    | Entered an ice cave
 12292 | IceCv    | Reached skill level 18 in Axes
 12402 | IceCv    | Noticed a death yak
 12410 | IceCv    | Killed a death yak
 12456 | IceCv    | Reached XP level 13. HP: 89/90 MP: 11/11
 12722 | IceCv    | Noticed a frost giant
 12742 | IceCv    | Killed from afar by a frost giant

Skill      XL: |  1  2  3  4  5  6  7  8  9 10 11 12 |
---------------+-------------------------------------+-----
Axes           | 2 3 4 5 7 8 10 12 14 16 18 | 18.5
Armour         | 3 4 |  4.8
Fighting       | 4 |  4.6
Shields        | |  2.6

Action                   |  1- 3 |  4- 6 |  7- 9 | 10-12 | 13-15 || total
-------------------------+-------+-------+-------+-------+-------++-------
Melee: War axe           |   153 |   193 |   485 |   790 |       ||  1621
       Kick              |       |    28 |    56 |   301 |    17 ||   402
       Battleaxe         |       |       |       |   167 |    43 ||   210
Invok: Heroism           |       |       |       |     7 |     1 ||     8
Evoke: Wand              |       |       |       |     8 |       ||     8
  Use: Potion            |       |     1 |     3 |     2 |     1 ||     7
       Scroll            |       |       |    12 |    12 |       ||    24
 Stab: Distracted        |       |       |     2 |     2 |       ||     4
  Eat: Chunk             |     2 |     7 |    23 |    24 |     1 ||    57
Armor: Scale mail        |    97 |    60 |    28 |       |       ||   185
       Skin              |       |     1 |       |     5 |       ||     6
       Chain mail        |       |       |   161 |   153 |       ||   314
       Plate armour      |       |       |       |   379 |    26 ||   405
Dodge: Dodged            |    65 |    50 |   100 |   212 |    13 ||   440
Block: Shield            |    66 |    94 |   174 |   314 |       ||   648
